[Event "ETCC Open 2023"]
[Site "Budva"]
[Date "2023.11.14"]
[Round "4.72"]
[White "Miletic, Vuk"]
[Black "Rodgaard, John"]
[Result "1/2-1/2"]
[ECO "B13"]
[WhiteElo "2190"]
[BlackElo "2281"]
[Annotator "ChessBase"]
[PlyCount "60"]
[EventDate "2023.11.10"]
[EventType "team-tourn"]
[EventCountry "MNE"]
[SourceTitle "playchess.com"]
[Source "ChessBase"]
[SourceQuality "1"]
[WhiteTeam "Montenegro"]
[BlackTeam "Faroe Islands"]
[WhiteTeamCountry "MNE"]
[BlackTeamCountry "FAI"]
[TimeControl "40/5400+30:1800+30"]

1. d4 d5 2. Nf3 Nf6 3. Bf4 c5 4. e3 cxd4 5. exd4 Bf5 6. c3 a6 7. Qb3 Ra7 8. h3 e6 9. Ne5 Nbd7 10. Nd2 Nxe5 11. Bxe5 Be7 12. Be2 O-O 13. O-O Ne4 14. Nxe4 Bxe4 15. a4 Qd7 16. Rfe1 Raa8 17. Bf1 Rac8 18. a5 Rfe8 19. Qd1 f6 20. Bg3 Bg6 21. Re3 Bf8 22. Qe1 Bf7 23. Bd3 Bg6 24. Be2 Bd6 25. Bxd6 Qxd6 26. Bg4 Bf7 27. Qe2 Rc7 28. Re1 Rce7 29. Qd1 Qc7 30. Qa4 Qd6 1/2-1/2

[Event "ETCC Open 2023"]
[Site "Budva"]
[Date "2023.11.14"]
[Round "4.73"]
[White "Saraci, Nderim"]
[Black "Muir, Andrew J"]
[Result "1-0"]
[ECO "D02"]
[WhiteElo "2466"]
[BlackElo "2227"]
[Annotator "ChessBase"]
[PlyCount "109"]
[EventDate "2023.11.10"]
[EventType "team-tourn"]
[EventCountry "MNE"]
[SourceTitle "playchess.com"]
[Source "ChessBase"]
[SourceQuality "1"]
[WhiteTeam "Kosovo"]
[BlackTeam "Scotland"]
[WhiteTeamCountry "KOS"]
[BlackTeamCountry "SCO"]
[TimeControl "40/5400+30:1800+30"]

1. d4 d5 2. Nf3 Nf6 3. Bf4 c5 4. e3 Nc6 5. Nbd2 e6 6. c3 cxd4 7. exd4 Nh5 8. Bg5 f6 9. Be3 Bd6 10. Bb5 O-O 11. O-O g6 12. c4 Bd7 13. cxd5 exd5 14. Qb3 Ne7 15. a4 Bxb5 16. axb5 Kh8 17. Nb1 Nf4 18. Bxf4 Bxf4 19. Nc3 Qd7 20. Rfd1 Rfc8 21. Ne1 Rc4 22. Nc2 Nf5 23. Rd3 Bc7 24. Rad1 Bb6 25. g4 Nh4 26. Ne3 Nf3+ 27. Kg2 Nxd4 28. Qa2 Rac8 29. h3 Qe6 30. Nxc4 Rxc4 31. Re3 Qd6 32. Ne2 Nxb5 33. Qxc4 dxc4 34. Rxd6 Nxd6 35. Re6 Bc5 36. Nf4 f5 37. Re7 a5 38. Ne6 Bb4 39. g5 a4 40. Rd7 Kg8 41. Rg7+ Kh8 42. Rd7 Kg8 43. Nf4 a3 44. bxa3 Bxa3 45. Nd5 b5 46. Nf6+ Kf8 47. Nxh7+ Ke8 48. Nf6+ Kf8 49. h4 Ne4 50. Nd5 Bc5 51. h5 gxh5 52. g6 Bd4 53. Rf7+ Ke8 54. Nc7+ Kd8 55. Ne6+ 1-0

[Event "ETCC Open 2023"]
[Site "Budva"]
[Date "2023.11.14"]
[Round "4.74"]
[White "Morrison, Graham"]
[Black "Uruci, Endrit"]
[Result "1/2-1/2"]
[ECO "E16"]
[WhiteElo "2221"]
[BlackElo "2315"]
[Annotator "ChessBase"]
[PlyCount "146"]
[EventDate "2023.11.10"]
[EventType "team-tourn"]
[EventCountry "MNE"]
[SourceTitle "playchess.com"]
[Source "ChessBase"]
[SourceQuality "1"]
[WhiteTeam "Scotland"]
[BlackTeam "Kosovo"]
[WhiteTeamCountry "SCO"]
[BlackTeamCountry "KOS"]
[TimeControl "40/5400+30:1800+30"]

1. d4 Nf6 2. c4 e6 3. Nf3 b6 4. g3 Bb7 5. Bg2 Bb4+ 6. Bd2 Qe7 7. O-O O-O 8. Bf4 Bd6 9. Bxd6 cxd6 10. d5 Rc8 11. Nfd2 b5 12. e4 bxc4 13. Nc3 Na6 14. Re1 Nb4 15. Bf1 Nd3 16. Bxd3 cxd3 17. Re3 Rab8 18. Rxd3 Ba6 19. Re3 Rxb2 20. Rb1 Rxb1 21. Ndxb1 Qd8 22. h3 h5 23. Qd4 Qc7 24. Nd2 Kf8 25. Qa4 Qb6 26. Nb3 h4 27. g4 Rc4 28. Qa5 Qxa5 29. Nxa5 Rb4 30. Nb3 Bc4 31. g5 Nh5 32. Nd2 Bxa2 33. Nxa2 Rb2 34. Nc4 Rxa2 35. Nxd6 f6 36. Rb3 Ke7 37. Nc8+ Kd8 38. Nd6 Ra6 39. gxf6 gxf6 40. Nc4 Ra1+ 41. Kh2 Rc1 42. Ne3 Nf4 43. Ra3 Rc7 44. Ng2 Ng6 45. f4 Rc4 46. dxe6 dxe6 47. f5 exf5 48. exf5 Ne5 49. Ne3 Re4 50. Ng4 Re2+ 51. Kg1 Nxg4 52. hxg4 Re7 53. Kg2 Kc8 54. Kh3 Kb7 55. Kxh4 Rh7+ 56. Kg3 Rg7 57. Ra1 Kb6 58. Rb1+ Kc5 59. Ra1 Kb4 60. Rb1+ Kc4 61. Ra1 Kb3 62. Ra6 Rf7 63. g5 fxg5 64. Kg4 Kb4 65. Kxg5 Kb5 66. Ra1 a5 67. Kg6 Rd7 68. f6 a4 69. f7 Rd8 70. Kg7 Kb4 71. f8=Q+ Rxf8 72. Kxf8 a3 73. Rxa3 Kxa3 1/2-1/2

[Event "ETCC Open 2023"]
[Site "Budva"]
[Date "2023.11.14"]
[Round "4.75"]
[White "Asllani, Muhamet"]
[Black "Mitchell, Martin"]
[Result "1-0"]
[ECO "A46"]
[WhiteElo "2216"]
[BlackElo "2186"]
[Annotator "ChessBase"]
[PlyCount "69"]
[EventDate "2023.11.10"]
[EventType "team-tourn"]
[EventCountry "MNE"]
[SourceTitle "playchess.com"]
[Source "ChessBase"]
[SourceQuality "1"]
[WhiteTeam "Kosovo"]
[BlackTeam "Scotland"]
[WhiteTeamCountry "KOS"]
[BlackTeamCountry "SCO"]
[TimeControl "40/5400+30:1800+30"]

1. d4 Nf6 2. Nf3 e6 3. Bg5 h6 4. Bh4 c5 5. e3 b6 6. Nbd2 Bb7 7. c3 Be7 8. Bd3 d5 9. Ne5 O-O 10. g4 Ne4 11. Bg3 Nd7 12. Nxd7 Qxd7 13. f3 Nxg3 14. hxg3 cxd4 15. cxd4 Bd6 16. f4 f6 17. Nf3 e5 18. Bf5 Qe7 19. Kf2 e4 20. Nh4 Qe8 21. Qb3 Rc8 22. Bxc8 Qxc8 23. Nf5 Qe6 24. Rac1 Bb8 25. Rc3 g6 26. Nxh6+ Kg7 27. Qa3 Rh8 28. Nf5+ gxf5 29. Rxh8 Kxh8 30. Qf8+ Qg8 31. Qxf6+ Qg7 32. Qxf5 Qh6 33. Kg2 Ba6 34. Rc8+ Kg7 35. Qd7+ 1-0

[Event "ETCC Open 2023"]
[Site "Budva"]
[Date "2023.11.14"]
[Round "4.76"]
[White "Grant, Jonathan I M"]
[Black "Saraci, Korab"]
[Result "0-1"]
[ECO "A28"]
[WhiteElo "2150"]
[BlackElo "2200"]
[Annotator "ChessBase"]
[PlyCount "54"]
[EventDate "2023.11.10"]
[EventType "team-tourn"]
[EventCountry "MNE"]
[SourceTitle "playchess.com"]
[Source "ChessBase"]
[SourceQuality "1"]
[WhiteTeam "Scotland"]
[BlackTeam "Kosovo"]
[WhiteTeamCountry "SCO"]
[BlackTeamCountry "KOS"]
[TimeControl "40/5400+30:1800+30"]

1. c4 e5 2. Nc3 Bb4 3. Qc2 Nf6 4. Nf3 Nc6 5. e3 O-O 6. Nd5 Bc5 7. Qf5 Nxd5 8. cxd5 d6 9. Qb1 Ne7 10. b4 Bb6 11. Bc4 Bg4 12. Bb2 Ng6 13. Be2 f5 14. Qd1 Bxf3 15. Bxf3 Qg5 16. g3 f4 17. h4 Qf6 18. gxf4 Nxf4 19. exf4 Qxf4 20. Rh3 e4 21. Rg3 Rf7 22. Qe2 exf3 23. Qe6 Bxf2+ 24. Kxf2 Qxd2+ 25. Kf1 Qxb2 26. Re1 Qh2 27. Qg4 f2 0-1

[Event "ETCC Open 2023"]
[Site "Budva"]
[Date "2023.11.15"]
[Round "5.1"]
[White "Martirosyan, Haik M."]
[Black "Keymer, Vincent"]
[Result "0-1"]
[ECO "D41"]
[WhiteElo "2708"]
[BlackElo "2721"]
[Annotator "TA"]
[PlyCount "80"]
[EventDate "2023.11.10"]
[EventType "team-tourn"]
[EventCountry "MNE"]
[SourceTitle "playchess.com"]
[Source "ChessBase"]
[SourceQuality "1"]
[WhiteTeam "Armenia"]
[BlackTeam "Germany"]
[WhiteTeamCountry "ARM"]
[BlackTeamCountry "GER"]
[TimeControl "40/5400+30:1800+30"]

1. d4 Nf6 2. c4 e6 3. Nf3 d5 4. Nc3 c5 5. cxd5 cxd4 6. Qxd4 exd5 7. e4 {[%emt 0:02:23] D41: Queen's Gambit Declined: Semi-Tarrasch with 5 cxd5.} dxe4 8. Qxd8+ Kxd8 9. Ng5 {[%emt 0:00:07][%csl LRe4,LRf7] White has an edge.} Be6 10. Nxe6+ ({Much weaker is} 10. Ngxe4 Nxe4 11. Nxe4 Bb4+ 12. Nc3 (12. Bd2 Nc6 $11) 12... Ke7 $11) 10... fxe6 11. Bg5 h6 12. O-O-O+ Ke7 $1 13. Bxf6+ gxf6 14. Nxe4 Bg7 {[%emt 0:00:45] Black is weak on the light squares} 15. Ng3 {[%emt 0:13:50] [#]} h5 $1 $146 {[%emt 0:00:22][%mdl 8] A top novelty.} ({Predecessor:} 15... f5 16. Bd3 Nc6 17. Rhe1 Be5 18. Nxf5+ exf5 19. f4 Rad8 20. fxe5 Rhf8 21. Re3 Rd5 {½-½ Nepomniachtchi,I (2792)-So,W (2770) FTX Crypto Cup Prelim rapid 2021 (10)}) 16. h4 (16. Re1 $5 ) 16... Nc6 17. Be2 Rad8 18. Nxh5 {[%emt 0:06:58] Rxd8 is the strong threat.} Nd4 19. Ng3 f5 20. Bd3 Rd6 21. Kb1 Be5 22. Nf1 Bf6 23. h5 Bg5 24. Ne3 Nc6 25. Be2 Nd4 26. Bf1 Rdd8 27. Bc4 Kf6 28. Rde1 b5 29. Bf1 a6 30. Rh3 (30. Rc1 {is more complex.} Bf4 31. Rc5 Kg5 32. g3) 30... Bh6 31. a3 Rhg8 32. Rh1 Nb3 33. Kc2 (33. Rh3 {simplifies} Nd2+ 34. Ka2 Nxf1 35. Rxf1 f4 36. Nd1) 33... Nc5 {[%emt 0:00:00][%mdl 1024] Black has compensation.} 34. f3 {[%emt 0:00:51] Repels Ne4} ({White should try} 34. g4 $15) 34... Rd7 $17 35. g4 ({But not} 35. Kb1 Nb3 36. Ka2 Nd2 $15) 35... Rc8 $1 36. Kb1 {[%emt 0:00:09] [#]} Na4 $1 37. gxf5 {[%emt 0:01:36] Threatens to win with Ng4+.} Bxe3 {[%emt 0:00:00][%mdl 64] Deflection. Black has more active pieces.} 38. Rxe3 $4 ({Not} 38. fxe6 $2 Rd2 39. Re2 Rc1+ 40. Kxc1 Rxe2+ 41. Kd1 Rxb2 $19) (38. Bxb5 $17 axb5 39. Rxe3) 38... Rd1+ $19 39. Ka2 {[%emt 0:00:00] [#] aiming for Rd3.} Rc2 $1 40. Rxe6+ Kf7 $1 {[%emt 0:00:00] Weighted Error Value: White=0.40/Black=0.03 (flawless)} (40... Kxf5 $2 41. Bh3+ {[%mdl 64] Discovered Attack} (41. Rxa6 $2 Rxb2#) 41... Kf4 42. Rxd1 $18) 0-1

[Event "ETCC Open 2023"]
[Site "Budva"]
[Date "2023.11.15"]
[Round "5.2"]
[White "Svane, Rasmus"]
[Black "Sargissian, Gabriel"]
[Result "1/2-1/2"]
[ECO "C84"]
[WhiteElo "2647"]
[BlackElo "2686"]
[Annotator "TA"]
[PlyCount "181"]
[EventDate "2023.11.10"]
[EventType "team-tourn"]
[EventCountry "MNE"]
[SourceTitle "playchess.com"]
[Source "ChessBase"]
[SourceQuality "1"]
[WhiteTeam "Germany"]
[BlackTeam "Armenia"]
[WhiteTeamCountry "GER"]
[BlackTeamCountry "ARM"]
[TimeControl "40/5400+30:1800+30"]

1. e4 e5 2. Nf3 Nc6 3. Bb5 a6 4. Ba4 Nf6 5. O-O Be7 6. d3 b5 7. Bb3 d6 8. c3 O-O 9. h3 Bb7 10. a4 Na5 11. Ba2 c5 12. Na3 h6 13. axb5 axb5 14. Nxb5 c4 $1 15. Be3 (15. b4 {is more complex.} Nb3 16. Bxb3 Rxa1 17. Bxc4 d5 18. exd5 Nxd5 19. Qe2) 15... Qc8 (15... cxd3 $11 16. b4 (16. Qxd3 Bxe4 17. Qe2 Qd7 $11) 16... Qd7) 16. b4 $16 cxb3 17. Bxb3 Nxb3 18. Qxb3 Nd7 19. Rxa8 Qxa8 20. c4 Bc6 21. Nc7 Rb8 22. Qc2 Qb7 23. Nd5 Bxd5 24. cxd5 f5 25. exf5 Nf6 26. d4 Rc8 27. Rb1 Rxc2 28. Rxb7 Nxd5 29. dxe5 dxe5 30. Nxe5 Nxe3 31. fxe3 Bd6 32. Rb5 Re2 33. Rd5 Bc7 34. Ng6 Rxe3 35. Rd7 Bb6 36. Rb7 Bc5 37. Kf1 Re8 38. g4 Bd4 39. Kg2 Bf6 40. Kf3 Ra8 41. Rb4 h5 42. Rc4 ({White should play} 42. gxh5 $16 Kh7 43. Nf4) 42... hxg4+ $11 43. hxg4 Bg5 (43... Kh7 $1 $11 {might be stronger.}) 44. Ne5 Re8 45. Rc5 Bf6 46. Ng6 Bg5 47. Re5 (47. Ra5 $14) 47... Ra8 48. Re4 Kh7 49. Ne5 Bf6 50. Kf4 Bxe5+ 51. Rxe5 Kg8 52. Re7 Kf8 53. Rd7 Ra4+ 54. Kg5 Ra1 55. Rb7 Ra2 56. Kh4 Rf2 57. Rb5 Rf1 58. g5 g6 59. f6 Rh1+ 60. Kg3 Rg1+ $1 61. Kf2 Rg4 $1 62. Kf3 $1 Rg1 $1 63. Rd5 Kf7 64. Re5 Kf8 65. Kf4 Rf1+ 66. Ke4 Rg1 67. Kd5 Kf7 68. Kd6 ({Much less strong is} 68. Re7+ $6 Kf8 $16) 68... Rd1+ 69. Rd5 Rg1 70. Rc5 Rd1+ 71. Ke5 Re1+ 72. Kf4 Rf1+ 73. Ke3 Rg1 74. Kf3 ({Don't take} 74. Rc7+ $6 Ke6 $16) 74... Kf8 75. Kf4 Rf1+ 76. Ke5 Re1+ 77. Kd6 Rd1+ 78. Ke6 Re1+ $1 79. Re5 Ra1 80. Re4 Rb1 81. Rh4 Re1+ 82. Kd6 Rd1+ 83. Ke5 Re1+ 84. Re4 Ra1 85. Rd4 Re1+ 86. Kf4 Rf1+ 87. Ke4 Re1+ 88. Kf3 Rg1 89. Rg4 Rf1+ 90. Ke2 Rf5 91. Ke3 1/2-1/2